cohdb
Replays
Latest Replays
All Replays
Popular Replays
Top Player Replays
Match Explorer
How It Works
Community
CoH3 Stats
Reddit
Sign in to upload your games and track your stats! →
Sign in with Steam
Match 25084443
Unlisted
Match 25084443
Overview
Messages
Build Orders
End
Selects Luftwaffe Battlegroup
Selects Luftwaffe Pioneer Support
Fallschirmpioneer Squad Paradrop
Kettenkrad Recon Vehicle
Construct Infanterie Kompanie
Fallschirmpioneer Squad Paradrop
MG 42 Machine Gun Team
GrW 34 Mortar Team
Fallschirmpioneer Squad Paradrop
Construct Panzergrenadier Kompanie
Infanterie Officer Quarters
Pak 40 Anti-tank Gun Team
Medical Bunker
MG 42 Machine Gun Team
Selects Luftwaffe Combat Group
Luftwaffe Combat Group
Mathew Leeman
^3
0
0
Comments
sign in to comment!
No comments posted yet!